 Dungeon Crawl Stone Soup version 0.32-a0-411-g744942f433 (webtiles) character file.

Game seed: 7618454329525093005

1270 CowFu the Cleaver (level 8, -2/63 HPs)
             Began as a Mountain Dwarf Fighter on Feb 20, 2024.
             Was an Initiate of Hepliaklqana.
             Slain by a gnoll bouda
             ... wielding a +4 whip
              (11 damage)
             ... on level 6 of the Dungeon on Feb 21, 2024.
             The game lasted 00:05:21 (4615 turns).

CowFu the Cleaver (Mountain Dwarf Fighter)          Turns: 4615, Time: 00:05:21

Health: -2/63      AC:  6    Str: 20    XL:     8   Next: 28%
Magic:  8/8        EV:  9    Int: 10    God:    Hepliaklqana [......]
Gold:   269        SH:  5    Dex:  9    Spells: 7/7 levels left

rFire   + . .        a - +0 war axe
rCold   . . .        o - +1 buckler {rF+}
rNeg    . . .        b - +0 scale mail
rPois   .            (no helmet)
rElec   .            e - scarf {repulsion}
rCorr   .            (no gloves)
SInv    .            (no boots)
Will    .....        d - amulet of magic regeneration Stlth
                     (no ring)
HPRegen 0.30/turn    (no ring)
MPRegen 0.51/turn

%: repel missiles
@: weakened
A: runic magic, artefact enchanting
a: Renounce Religion


You were on level 6 of the Dungeon.
You worshipped Hepliaklqana.
Hepliaklqana was noncommittal.
You visited 2 branches of the dungeon, and saw 7 of its levels.

You collected 269 gold pieces.

Inventory:

Hand Weapons
 a - a +0 war axe (weapon)
 p - the +0 trident "Deasiurph" {heavy, Fly MP-9 Str+4}
   (You found it on level 4 of the Dungeon)

   Str+4:     It affects your strength (+4).
   MP-9:      It affects your magic capacity (-9).
   Fly:       It grants you flight.
Armour
 b - a +0 scale mail (worn)
 e - a scarf of repulsion (worn)
 o - a +1 buckler of fire resistance (worn)
Jewellery
 d - an amulet of magic regeneration (around neck)
 m - a ring of fire
 r - a ring of protection from fire
Wands
 s - a wand of digging (6)
Scrolls
 i - 2 scrolls of teleportation {unknown}
 n - 3 scrolls of amnesia {unknown}
 q - a scroll of immolation {unknown}
 t - 4 scrolls of identify
Potions
 c - a potion of haste
 f - 3 potions of lignification
 g - a potion of enlightenment {unknown}
 h - 3 potions of curing
 j - a potion of heal wounds {unknown}
 k - a potion of might
 l - 2 potions of cancellation {unknown}


   Skills:
 - Level 3.2 Fighting
 + Level 12.1 Axes
 - Level 3.2 Armour
 - Level 3.2 Shields


You had 7 spell levels left.
You didn't know any spells.
Your spell library contained the following spells:

 Spells                   Type           Power      Damage    Failure   Level
 Magic Dart               Conj           0%         1d3       52%         1
 Blink                    Tloc           0%         N/A       67%         2
 Call Imp                 Summ           0%         N/A       67%         2
 Lesser Beckoning         Tloc           0%         N/A       67%         2
 Momentum Strike          Conj/Tloc      0%         3d8       67%         2
 Hailstorm                Conj/Ice       0%         3d5       88%         3
 Summon Ice Beast         Ice/Summ       0%         N/A       88%         3
 Leda's Liquefaction      Alch/Erth      0%         N/A       99%         4
 Lee's Rapid Deconstruct  Erth           0%         3d4*      100%        5
 Bombard                  Conj/Erth      0%         9d1       100%        6
 Sculpt Simulacrum        Ice/Alch       0%         N/A       100%        6


Dungeon Overview and Level Annotations

Branches:
Dungeon (6/15)             Temple (1/1) D:5

Altars:
Ashenzari
Cheibriados
Dithmenos
Elyvilon
Gozag
Hepliaklqana
Kikubaaqudgha
Nemelex Xobeh
Ru
Sif Muna
Trog
Wu Jian
Yredelemnul
Zin


Innate Abilities, Weirdness & Mutations

Your spellcasting is much less encumbered by armour.
You can use scrolls of enchantment on lesser artefacts.


Message History

You are too injured to fight recklessly!
You are too injured to fight recklessly!
You are too injured to fight recklessly!
You are too injured to fight recklessly!
You are too injured to fight recklessly!
You are too injured to fight recklessly!
You are too injured to fight recklessly!
You are too injured to fight recklessly!
You are too injured to fight recklessly!
You are too injured to fight recklessly!
You are too injured to fight recklessly!
You slash the gnoll bouda!
The gnoll bouda is heavily wounded.
You hit the gnoll. x2; You feel sick. You block the gnoll's attack.
The gnoll bouda gazes fiercely through you!
You feel as though you will be weak longer.
The gnoll bouda closely misses you. The gnoll hits you with a +0 spear.
You hit the gnoll bouda but do no damage.
The gnoll bouda is heavily wounded.
You hit the gnoll but do no damage. You hit the gnoll.
You kill the gnoll!
You feel sick. The gnoll closely misses you.
The gnoll bouda hits you with a +4 whip.
* * * LOW HITPOINT WARNING * * *
You barely miss the gnoll bouda.
The gnoll bouda is heavily wounded.
You hit the gnoll.
You feel sick. The gnoll barely misses you.
The gnoll bouda hits you with a +4 whip.
* * * LOW HITPOINT WARNING * * *
You hit the gnoll bouda but do no damage.
The gnoll bouda is heavily wounded.
You hit the gnoll.
You feel sick.
You are no longer poisoned.
The gnoll misses you. The gnoll bouda barely misses you.
You closely miss the gnoll bouda.
The gnoll bouda is heavily wounded.
You hit the gnoll. The gnoll closely misses you.
The gnoll bouda hits you with a +4 whip!
You die...
Hepliaklqana delivers you to your ancestors.

### ######## ....?
. #...[..# ..... ..
#......#......
#..###......#.#....
#..................
#...........#......
#....<...@g......
........#.#)g......
..#.#.....#.#......
#.............###
.........#..####
#.#......>...# #
#.#.#.#.#.##
#.#.#...#.#


You could see a gnoll bouda and a gnoll (swift).

Vanquished Creatures
  Sigmund (D:2)
  A phantom (D:4)
  4 scorpions
  A howler monkey (D:5)
  7 hounds
  2 gnoll boudas (D:4)
  3 iguanas
  2 sleepcaps (D:5)
  An orc wizard (D:5)
  7 gnolls
  12 adders
  2 dart slugs
  3 ribbon worms
  5 orcs
  6 ball pythons
  4 endoplasms
  5 giant cockroaches
  12 goblins
  8 hobgoblins
  5 kobolds
  6 quokkas
  5 bats
  4 frilled lizards
  7 rats
113 creatures vanquished.

Notes
Turn   | Place    | Note
-------+----------+-------------------------------------------
     0 | D:1      | CowFu the Mountain Dwarf Fighter began the quest for the
                  | Orb.
     0 | D:1      | Reached XP level 1. HP: 19/19 MP: 1/1
    86 | D:1      | Reached skill level 3 in Axes
    91 | D:1      | Reached XP level 2. HP: 26/26 MP: 2/2
   314 | D:1      | Reached skill level 4 in Axes
   444 | D:1      | Reached XP level 3. HP: 29/31 MP: 3/3
  1117 | D:2      | Noticed Sigmund
  1126 | D:2      | Killed Sigmund
  1127 | D:2      | Reached skill level 7 in Axes
  1127 | D:2      | Reached XP level 4. HP: 29/38 MP: 4/4
  1127 | D:2      | Reached XP level 5. HP: 35/45 MP: 5/5
  1640 | D:3      | Reached XP level 6. HP: 49/51 MP: 6/6
  1720 | D:3      | Reached skill level 8 in Axes
  2172 | D:4      | Identified the +0 trident "Deasiurph" {heavy, Fly MP-9
                  | Str+4}
  2343 | D:4      | Reached skill level 9 in Axes
  2397 | D:4      | Reached XP level 7. HP: 46/57 MP: 7/7
  2791 | D:4      | Reached skill level 10 in Axes
  3116 | D:5      | Entered Level 5 of the Dungeon
  3318 | D:5      | Reached skill level 11 in Axes
  3670 | D:5      | Found a staircase to the Ecumenical Temple.
  3710 | Temple   | Entered the Ecumenical Temple
  3719 | Temple   | Became a worshipper of Hepliaklqana the Forgotten
  3763 | D:5      | Reached XP level 8. HP: 36/63 MP: 8/8
  4295 | D:5      | Found an ornate altar of the Wu Jian Council.
  4296 | D:5      | Found a bloodstained altar of Trog.
  4297 | D:5      | Found a shimmering blue altar of Sif Muna.
  4297 | D:5      | Found an ancient bone altar of Kikubaaqudgha.
  4362 | D:5      | Identified the +1 robe of Ydghyu {rN++ Str+6}
  4606 | D:6      | Reached skill level 12 in Axes
  4615 | D:6      | Slain by a gnoll bouda

Illustrated notes

Levels and vault maps discovered:
D:1:      elethiomel_arrival_maze, layout_basic
D:2:      layout_rooms, uniq_sigmund
D:3:      layout_rooms
D:4:      kennysheep_spiral_hall, layout_cave_pools, corexii_hall_statues_u
D:5:      layout_loops_corners, mainiacjoe_overflow_alcove_3,
          minmay_temple_entry_stoned_glass
D:6:      layout_basic, tso_oasis_becter, item_on_display_a
Temple:   eino_temple_lava

Skill      XL: |  1  2  3  4  5  6  7  8 |
---------------+-------------------------+-----
Axes           | 3 4 7 9 11 12 | 12.1
Fighting       | |  3.2
Armour         | |  3.2
Shields        | |  3.2

Action                     |  1- 3 |  4- 6 |  7- 9 || total
---------------------------+-------+-------+-------++-------
  Melee: War axe           |    62 |   151 |   149 ||   362
    Use: Potion            |     1 |       |     2 ||     3
         Scroll            |       |       |     3 ||     3
 Armour: Scale mail        |    51 |    85 |   122 ||   258
  Dodge: Dodged            |    30 |    71 |    75 ||   176
         Repelled          |     1 |     2 |     1 ||     4
  Block: Buckler           |    12 |    36 |    48 ||    96

Table legend: (Time is in decaauts)
 A = Elapsed time spent in this place.
 B = Non-inter-level travel time spent in this place.
 C = Inter-level travel time spent in this place.
 D = Time resting spent in this place.
 E = Time spent auto-exploring this place.
 F = Levels seen in this place.
 G = Mean time per level.
                   A        B        C        D        E       F      G
               +--------+--------+--------+--------+--------+-----+--------+
         Total |   4655 |   4490 |    165 |      0 |   3659 |   7 |  665.0 |
       Dungeon |   4636 |   4479 |    157 |      0 |   3659 |   6 |  772.7 |
        Temple |     18 |     10 |      8 |      0 |      0 |   1 |   18.0 |
               +--------+--------+--------+--------+--------+-----+--------+

Top non-repeatable levels by time:
     D:5: 1462 daAuts
     D:1: 1121 daAuts
     D:4: 972 daAuts
     D:3: 533 daAuts
     D:2: 532 daAuts
  Temple: 18 daAuts
     D:6: 15 daAuts
